 Dungeon Crawl Stone Soup version 0.25-a0-504-g768f60da87 (webtiles) character file.

Game seed: 13225081603327084741, levelgen mode: deterministic

41757 DunjonMadzik the Arsonist (level 13, -8/107 HPs)
             Began as a Green Draconian Fire Elementalist on Feb 14, 2020.
             Was a High Priest of Vehumet.
             Mangled by a sun demon (15 damage)
             ... on level 6 of the Dungeon.
             The game lasted 02:04:59 (22918 turns).

DunjonMadzik the Arsonist (DrFE)                   Turns: 22918, Time: 02:04:59

Health: -8/107     AC: 15    Str: 11    XL:     13   Next: 81%
Magic:  0/27       EV: 12    Int: 30    God:    Vehumet [*****.]
Gold:   2104       SH: 13    Dex: 12    Spells: 0/32 levels left

rFire    . . .     SeeInvis +   S - +3 trident of Daudoal {freeze, Int+5}
rCold    . . .     Gourm    .   w - +0 buckler
rNeg     . . .     Faith    .   (armour unavailable)
rPois    +         Spirit   .   y - +1 hat {Int+3}
rElec    .         Reflect  +   m - +0 cloak
rCorr    .         Harm     .   u - +0 pair of gloves
MR       .....                  l - +1 pair of boots
Stlth    ++........             R - brooch of Shielding {Reflect SH+8}
HPRegen  0.27/turn              o - ring of see invisible
MPRegen  0.20/turn              n - +2 ring of protection

@: no status effects
A: breathe noxious fumes, unfitting armour, antennae 1, clever 1, poison
resistance, cold-blooded, AC +8
a: Breathe Noxious Fumes, Renounce Religion


You were on level 6 of the Dungeon.
You worshipped Vehumet.
Vehumet was extremely pleased with you.
You were not hungry.

You visited 4 branches of the dungeon, and saw 18 of its levels.
You also visited: Ossuary and Bailey.

You collected 2289 gold pieces.
You spent 185 gold pieces at shops.

Inventory:

Hand Weapons
 P - a +4 vampiric lajatang
 S - the +3 trident of Daudoal (weapon) {freeze, Int+5}
   (You found it on level 8 of the Dungeon)

   It has been specially enchanted to freeze those struck by it, causing extra
   injury to most foes and up to half again as much damage against particularly
   susceptible opponents.
   It can also slow down cold-blooded creatures.
   It affects your intelligence (+5).
Missiles
 j - 6 boomerangs of dispersal (quivered)
Armour
 a - a +0 kite shield
 l - a +1 pair of boots (worn)
 m - a +0 cloak (worn)
 u - a +0 pair of gloves (worn)
 w - a +0 buckler (worn)
 y - a +1 hat of intelligence (worn)
Magical Staves
 h - an uncursed staff of earth
 K - an uncursed staff of energy
Jewellery
 n - a +2 ring of protection (right hand)
 o - a ring of see invisible (left hand)
 v - an uncursed amulet of regeneration
 E - a +3 ring of dexterity
 R - the brooch of Shielding (around neck) {Reflect SH+8}
   (You found it on level 8 of the Dungeon)

   [amulet of reflection]

   It shields you and reflects attacks.
   It affects your SH (+8).
 W - an uncursed amulet of magic regeneration
Wands
 q - a wand of disintegration (8)
 F - a wand of iceblast (20)
 G - a wand of flame (13)
 I - a wand of paralysis (21)
 J - a wand of scattershot (3)
 L - a wand of digging (5)
 U - a wand of polymorph (10)
 X - a wand of clouds (2)
Scrolls
 f - 3 scrolls of fog
 g - 12 scrolls of teleportation
 k - a scroll of fear
 A - 2 scrolls of immolation
 C - 10 scrolls of remove curse
 D - 5 scrolls of enchant weapon
 M - 2 scrolls of magic mapping
 N - a scroll of brand weapon
 V - 2 scrolls of enchant armour
Potions
 d - 4 potions of flight
 e - 2 potions of heal wounds
 p - 3 potions of brilliance
 r - 6 potions of lignification
 s - 9 potions of curing
 t - 3 potions of ambrosia
 x - a potion of resistance
 z - a potion of might
 B - 3 potions of agility
 T - 2 potions of haste
Miscellaneous
 c - a box of beasts
 i - 3 sacks of spiders
 H - a fan of gales
 Q - a phial of floods
Comestibles
 b - 26 rations


   Skills:
 - Level 8.0 Fighting
 - Level 1.7 Dodging
 - Level 1.7 Stealth
 - Level 5.2 Shields
 - Level 10.2 Spellcasting
 - Level 12.0 Conjurations
 - Level 6.9 Summonings
 + Level 12.1 Fire Magic
   Level 0.9 Ice Magic
 - Level 1.9 Earth Magic
 - Level 7.5 Evocations


You couldn't memorise any spells.
You knew the following spells:

 Your Spells              Type           Power        Failure   Level  Hunger
a - Foxfire               Conj/Fire      ####         1%          1    None
b - Conjure Flame         Conj/Fire      ######..     1%          3    None
c - Sticky Flame          Conj/Fire      ######..     1%          4    None
d - Fireball              Conj/Fire      ######....   1%          5    ###....
e - Inner Flame           Hex/Fire       ######..     1%          3    None
f - Iron Shot             Conj/Erth      ######....   9%          6    #####..
g - Ignite Poison         Fire/Tmut/Pois #####...     1%          3    None
h - Spellforged Servitor  Conj/Summ      ######....   16%         7    ######.

Your spell library contained the following spells:

 Spells                   Type           Power        Failure   Level  Hunger
 Ozocubu's Refrigeration  Ice            ###.......   63%         6    #####..
 Magic Dart               Conj           ####         1%          1    None
 Summon Small Mammal      Summ           ####         1%          1    None
 Call Imp                 Summ           ######..     1%          2    None
 Call Canine Familiar     Summ           ######..     1%          3    None
 Mephitic Cloud           Conj/Pois/Air  #####...     1%          3    None
 Fulminant Prism          Conj/Hex       ######....   1%          4    None
 Summon Guardian Golem    Hex/Summ       #####...     2%          3    None
 Irradiate                Conj/Tmut      ######....   2%          5    ###....
 Beastly Appendage        Tmut           ###...       3%          1    None
 Blink                    Tloc           N/A          5%          2    None
 Slow                     Hex            ###.....     5%          2    None
 Sticks to Snakes         Tmut           ###.....     5%          2    None
 Summon Ice Beast         Ice/Summ       #####...     7%          4    None
 Summon Lightning Spire   Summ/Air       #####...     9%          4    None
 Spider Form              Tmut/Pois      ###.......   11%         3    None
 Yara's Violent Unravell  Hex/Tmut       ###.......   24%         5    ###....
 Ice Form                 Ice/Tmut       ###.....     28%         4    None
 Cause Fear               Hex            ###.......   34%         4    None
 Blade Hands              Tmut           ###.......   67%         5    ###....
 Silence                  Hex/Air        ###.......   67%         5    ###....
 Statue Form              Tmut/Erth      ###......    98%         6    #####..
 Deflect Missiles         Chrm/Air       ###.......   99%         6    #####..
 Hydra Form               Tmut           ###.......   99%         6    #####..
 Dragon Form              Tmut           ###.......   100%        7    ######.
 Discord                  Hex            ###.......   100%        8    #######


Dungeon Overview and Level Annotations

Branches:
Dungeon (12/15)            Temple (1/1) D:7            Lair (3/6) D:8
 Shoals (0/4) Lair:3       Spider (0/4) Lair:3          Orc (2/2) D:12
    Elf (0/3) Orc:2       Ossuary (visited)          Bailey (visited)

Altars:
Ashenzari
Cheibriados
Dithmenos
Elyvilon
Fedhas
Gozag
Hepliaklqana
Kikubaaqudgha
Makhleb
Nemelex Xobeh
Okawaru
Qazlal
Ru
Sif Muna
Trog
Uskayaw
Vehumet
Wu Jian
Xom
Yredelemnul
Zin
The Shining One
Beogh

Shops:
D:4 *   Orc:2 !([[

Portals:
Abyss: D:6

Annotations:
D:6 1 transporter, Elellon's ghost, novice DECj
Orc:2 1 runed translucent door, exclusion: 4 orange crystal statues


Innate Abilities, Weirdness & Mutations

You can breathe blasts of noxious fumes.
Your lurid green scales are hard. (AC +8)
You cannot fit into any form of body armour.
Your system is resistant to poisons. (rPois)
You are cold-blooded and may be slowed by cold attacks.
You have a pair of small antennae on your head.
Your mind is acute. (Int +2)


Message History

The iron shot hits the quasit!
The quasit dies!
Vehumet accepts your kill. The sun demon hits you!
You are engulfed in flames!!
* * * LOW HITPOINT WARNING * * *
Elellon's ghost casts a spell at you.
The magic dart hits you but does no damage.
Evoke which item? (* to show all) (? for menu, Esc to quit)
Aiming: Scattershot
Press: ? - help, Shift-Dir - straight line, f/p - sun demon
Aim: a sun demon (severely wounded)
The burst of metal fragments hits the sun demon but does no damage. x3
The burst of metal fragments hits the sun demon!
The burst of metal fragments hits the sun demon but does no damage. x2
The sun demon is almost dead.
Your spellforged servitor hums quietly as it recharges.
The sun demon hits you!
* * * LOW HITPOINT WARNING * * *
You are engulfed in flames!
You die...

#.#####.####)....### #.#
#.##...............####.#
#....##.######.###.))...#
#.#####.#......##########
#.........#.##.......#
####..###.......####.#
#.##3###...###©^#.# #.#.#.
#..##3..##.#
#.##§#.####@#..#..##
#..##.^.W$.###.##..#
##.(##.....{^#..##.########
##...#)#8..§###..#........#
#..###.^.###..^.##..#####<#
###.## .####.##..##...# #.#
#...#.#.##....##.##...#####.#
#.#.#W.##...###...##.....##.#
##.#.##.##..##.∩^.#.#..##.##.#


You could see a sun demon, Elellon's ghost and a friendly spellforged servitor.

Vanquished Creatures
  A rakshasa (D:8)
  3 hydras
  A two-headed ogre (Orc:1)
  An orc high priest (Orc:2)
  Sonja (D:10)
  2 unseen horrors (D:11)
  4 oklob plants (Lair:1)
  An orb spider (Lair:3)
  2 ugly things
  2 orc sorcerers (Orc:2)
  A deep elf mage (D:12)
  3 cyclopes
  A manticore (D:11)
  Joseph (D:7)
  4 centaur skeletons
  8 spiny frogs
  2 rime drakes
  3 komodo dragons (Lair:1)
  4 trolls
  A queen bee (D:9)
  6 blink frogs
  7 hippogriffs
  2 hornets
  4 slime creatures
  A vampire (D:11)
  A water elemental (D:11)
  3 wyverns
  11 yaks
  2 hungry ghosts
  2 basilisks (Lair:3)
  5 wargs
  7 water moccasins
  8 porcupines
  An ice beast (D:9)
  7 sky beasts
  3 black bears
  2 eyes of draining
  4 phantoms
  35 orc warriors
  2 necrophages
  6 wolves
  17 ogres
  A small abomination (D:6)
  10 crocodiles
  17 centaurs
  A big kobold (D:6)
  The ghost of ICC the Ruffian, an amateur VSTm (D:3)
  A gnoll sergeant (D:8)
  19 bullfrogs
  A water moccasin zombie (D:5)
  2 scorpions
  A water moccasin skeleton (D:7)
  15 killer bees (D:9)
  3 wights (D:11)
  8 electric eels
  5 crimson imps
  3 jellies
  8 hounds
  23 orc priests
  27 orc wizards
  4 quasits
  A gnoll shaman (D:6)
  A bullfrog skeleton (D:12)
  5 iguanas
  13 worker ants
  3 killer bee zombies
  2 hound skeletons (D:5)
  A hound zombie (D:7)
  8 mummies (Ossuary)
  Robin (D:4)
  A worker ant zombie (D:8)
  8 gnolls
  A howler monkey skeleton (D:4)
  13 adders
  2 shadow imps
  An adder zombie (D:7)
  4 worms
  2 dart slugs (D:1)
  7 leopard geckos
  144 orcs
  6 ball pythons
  10 bats
  7 giant cockroaches
  25 goblins
  8 hobgoblins
  14 jackals
  8 quokkas
  4 frilled lizards
  2 gnoll zombies (Ossuary)
  2 hobgoblin zombies (Ossuary)
  7 kobolds
  3 kobold zombies (Ossuary)
  A leopard gecko skeleton (D:8)
  An orc zombie (Ossuary)
  2 quokka skeletons
  10 rats
660 creatures vanquished.

Vanquished Creatures (collateral kills)
  An orc warlord (Orc:2)
  The ghost of ReteAZ the Severer, a journeyman MiFi of Okawaru (Orc:2)
  A small abomination (D:6)
  A warg (Orc:2)
  An orc warrior (Orc:2)
  A quasit (D:6)
  An orc wizard (Orc:2)
  2 orcs (Orc:2)
9 creatures vanquished.

Vanquished Creatures (others)
  An orc warrior (Orc:2)
  2 centaurs
  An adder (D:2)
  628 foxfires
  5 fungi
  3 plants
640 creatures vanquished.

Grand Total: 1309 creatures vanquished

Notes
Turn   | Place    | Note
-------+----------+-------------------------------------------
     0 | D:1      | DunjonMadzik the Draconian Fire Elementalist began the
                  | quest for the Orb.
     0 | D:1      | Reached XP level 1. HP: 14/14 MP: 3/3
   396 | D:1      | Reached XP level 2. HP: 18/20 MP: 5/5
   724 | D:1      | Reached XP level 3. HP: 26/26 MP: 4/6
   841 | D:1      | Learned a level 3 spell: Conjure Flame
  1382 | D:2      | Reached XP level 4. HP: 33/33 MP: 5/7
  1854 | D:2      | Found a sacrificial altar of Ru.
  1857 | D:2      | Found a glowing silver altar of Zin.
  1982 | D:2      | Noticed a sky beast
  2146 | D:2      | Killed a sky beast
  2146 | D:2      | Reached XP level 5. HP: 9/38 MP: 1/9
  2152 | D:2      | Learned a level 4 spell: Sticky Flame
  2999 | D:3      | Found a snail-covered altar of Cheibriados.
  3151 | D:3      | Found a transporter.
  3153 | D:3      | Noticed ICC's ghost (amateur VSTm)
  3513 | D:3      | Found a sacrificial altar of Ru.
  3594 | D:3      | Found a transporter.
  3933 | D:4      | Found Uleq's General Store.
  3941 | D:4      | Reached XP level 6. HP: 44/45 MP: 5/10
  3966 | D:4      | Bought a +0 pair of gloves for 63 gold pieces
  3966 | D:4      | Bought a scroll of teleportation for 42 gold pieces
  3977 | D:4      | Found a sand-covered staircase.
  4033 | Ossuary  | Entered an ossuary
  4123 | Ossuary  | Reached skill level 5 in Fire Magic
  4785 | D:5      | Entered Level 5 of the Dungeon
  4859 | D:5      | Your scales start taking on a lurid green colour.
  4859 | D:5      | Reached XP level 7. HP: 43/50 MP: 6/12
  4859 | D:5      | Gained mutation: Your system is resistant to poisons.
                  | (rPois) [Green Draconian growth]
  4987 | D:5      | Reached skill level 5 in Spellcasting
  5576 | D:6      | Reached XP level 8. HP: 47/56 MP: 10/16
  5602 | D:6      | Found an ornate altar of the Wu Jian Council.
  5688 | D:6      | Reached skill level 5 in Conjurations
  5753 | D:6      | Noticed a sun demon
  5760 | D:6      | Noticed Elellon's ghost (novice DECj)
  5773 | D:6      | Found a one-way gate to the infinite horrors of the Abyss.
  5781 | D:6      | Found a transporter.
  5883 | D:6      | Found a transporter.
  5932 | D:6      | Found a shimmering blue altar of Sif Muna.
  6535 | D:7      | Found a staircase to the Ecumenical Temple.
  6541 | Temple   | Entered the Ecumenical Temple
  6548 | Temple   | Became a worshipper of Vehumet
  6756 | D:4      | Learned a level 5 spell: Fireball
  6928 | D:4      | Noticed Robin
  6943 | D:4      | Reached * piety under Vehumet
  6943 | D:4      | Offered knowledge of Shock by Vehumet.
  6951 | D:4      | Killed Robin
  7177 | D:7      | Learned a level 3 spell: Inner Flame
  7279 | D:7      | Noticed a hornet
  7283 | D:7      | Paralysed by a hornet for 3 turns
  7287 | D:7      | Killed a hornet
  7287 | D:7      | Reached XP level 9. HP: 43/61 MP: 4/17
  7716 | D:7      | Noticed Joseph
  7725 | D:7      | Killed Joseph
  8123 | D:8      | Reached skill level 5 in Evocations
  8323 | D:8      | Found a staircase to the Lair.
  8373 | D:8      | Offered knowledge of Magic Dart by Vehumet.
  8374 | D:8      | Reached ** piety under Vehumet
  8471 | D:8      | Found a flagged portal.
  8506 | Bailey   | Entered a bailey
  8509 | Bailey   | Gained mutation: You have a pair of small antennae on your
                  | head. [potion of mutation]
  8509 | Bailey   | Gained mutation: Your mind is acute. (Int +2) [potion of
                  | mutation]
  8764 | Bailey   | Reached XP level 10. HP: 69/69 MP: 18/18
  8982 | Bailey   | Offered knowledge of Frozen Ramparts by Vehumet.
  8990 | Bailey   | Learned a level 3 spell: Frozen Ramparts
  9150 | Bailey   | Reached skill level 1 in Fighting
  9184 | Bailey   | Reached *** piety under Vehumet
  9741 | D:8      | Reached skill level 5 in Fighting
  9763 | D:8      | Noticed a rakshasa
  9777 | D:8      | Killed a rakshasa
  9876 | D:8      | Offered knowledge of Ignite Poison by Vehumet.
  9895 | D:8      | Learned a level 3 spell: Ignite Poison
 10038 | D:8      | Identified Sif Muna's Compendium of the Excruciating
                  | Volcanoes
 10050 | D:8      | Found the brooch of Shielding {Reflect SH+8}
 10054 | D:8      | Got a warped trident
 10412 | D:8      | Identified the +3 trident of Daudoal {freeze, Int+5} (You
                  | found it on level 8 of the Dungeon)
 10628 | D:9      | Reached XP level 11. HP: 93/94 MP: 13/21
 10661 | D:9      | Reached **** piety under Vehumet
 10703 | D:9      | Offered knowledge of Bolt of Magma by Vehumet.
 11350 | D:9      | Reached skill level 10 in Fire Magic
 11583 | D:10     | Entered Level 10 of the Dungeon
 12061 | D:10     | Noticed Sonja
 12065 | D:10     | Killed Sonja
 12910 | D:11     | Reached ***** piety under Vehumet
 12939 | D:11     | Noticed an unseen horror
 12962 | D:11     | Killed an unseen horror
 12989 | D:11     | Offered knowledge of Spellforged Servitor by Vehumet.
 13116 | D:11     | Noticed an unseen horror
 13123 | D:11     | Killed an unseen horror
 13244 | D:11     | Reached XP level 12. HP: 86/101 MP: 8/25
 13468 | D:11     | Learned a level 7 spell: Spellforged Servitor
 13670 | D:12     | Reached skill level 1 in Summonings
 14080 | D:12     | Noticed a seven-headed hydra
 14104 | D:12     | Killed a seven-headed hydra
 14104 | D:12     | Reached skill level 5 in Summonings
 14533 | D:12     | Found a staircase to the Orcish Mines.
 15002 | Orc:1    | Entered Level 1 of the Orcish Mines
 15498 | Orc:2    | Entered Level 2 of the Orcish Mines
 15540 | Orc:2    | Noticed a two-headed ogre
 15799 | Orc:1    | Killed a two-headed ogre
 16497 | Orc:2    | Found a runed translucent door.
 16503 | Orc:2    | Found the +10 tower shield of Ignorance {rN+ Int-4}
 16568 | Orc:2    | Found a runed translucent door.
 16572 | Orc:2    | Found a staircase to the Elven Halls.
 16594 | Orc:2    | Reached skill level 10 in Conjurations
 16845 | Orc:2    | Offered knowledge of Lightning Bolt by Vehumet.
 17122 | Orc:2    | Found a roughly hewn altar of Beogh.
 17254 | Orc:2    | Noticed an orc high priest
 17260 | Orc:2    | Killed an orc high priest
 17272 | Orc:2    | Reached XP level 13. HP: 83/107 MP: 7/26
 17292 | Orc:2    | Found a roughly hewn altar of Beogh.
 17292 | Orc:2    | Found Usewij's Distillery.
 17300 | Orc:2    | Bought a potion of heal wounds for 80 gold pieces
 17430 | Orc:2    | Noticed an orc warlord
 17435 | Orc:2    | Killed an orc warlord
 17448 | Orc:2    | Found Uklog's Antique Armour Shop.
 17449 | Orc:2    | Found a roughly hewn altar of Beogh.
 17602 | Orc:2    | Found Utol's Antique Weapon Boutique.
 17710 | Orc:2    | Found a roughly hewn altar of Beogh.
 17726 | Orc:2    | Found Gaddask's Antique Armour Boutique.
 17819 | Orc:2    | Found a roughly hewn altar of Beogh.
 17904 | Orc:2    | Found a roughly hewn altar of Beogh.
 17976 | Orc:2    | Reached skill level 10 in Spellcasting
 18057 | Orc:2    | Found a large runed translucent door.
 18057 | Orc:2    | Found a large runed translucent door.
 18061 | Orc:2    | Noticed ReteAZ's ghost (journeyman MiFi)
 18071 | Orc:2    | Learned a level 6 spell: Iron Shot
 18082 | Orc:2    | Killed ReteAZ's ghost
 18305 | D:6      | Identified Sif Muna's Almanac of Attacks
 18776 | Lair:1   | Entered Level 1 of the Lair of Beasts
 18896 | Lair:1   | Reached skill level 1 in Earth Magic
 19039 | Lair:1   | Offered knowledge of Ozocubu's Refrigeration by Vehumet.
 20202 | Lair:1   | Reached skill level 1 in Shields
 21384 | Lair:3   | Reached skill level 5 in Shields
 21583 | Lair:3   | Found a hole to the Spider Nest.
 22133 | Lair:3   | Found a staircase to the Shoals.
 22833 | D:3      | Killed ICC's ghost
 22918 | D:6      | Mangled by a sun demon

Levels and vault maps discovered:
D:1:      elethiomel_arrival_quiet, layout_loops_ring
D:2:      layout_loops_ring, nicolae_overflow_hidden_temple
D:3:      layout_loops_corners, marbit_many_paths, gammafunk_ghost_stat_death,
          first_ration, grunt_decor_clamped, hangedman_ru_absence
D:4:      kennysheep_goblin_castle, layout_rooms, serial_shops,
          nicolae_shop_trees, chequers_ossuary_entry_cave
D:5:      layout_gridville
D:6:      layout_loops_corners, led_sif_book, gammafunk_ghost_abyssal_escape,
          basic_altar
D:7:      layout_basic, minmay_temple_entry_trees, minmay_misc_feat_alley,
          uniq_joseph
D:8:      minmay_the_grid_plus_closed [minmay_the_grid_stretched_grid,
          minmay_the_grid_expand, minmay_the_grid_mess,
          minmay_the_grid_minigrid_small, minmay_the_grid_prize_trominoes],
          layout_cave_pods, lair_entry_dummy, enter_bailey_3
D:9:      layout_irregular_city, david_nohive_1
D:10:     layout_roguey, uniq_sonja
D:11:     layout_basic
D:12:     layout_cave_pools, hiddenorc1_lemuel
Temple:   nicolae_temple_no_exploring_needed
Lair:1:   layout_regular_city, serial_bayou_lagoon_a, minmay_lair_oklob_chamber,
          grunt_megastairs_4, infiniplex_staircase_pool
Lair:2:   layout_roguey, grunt_megastairs_5
Lair:3:   layout_cave_pods, minmay_shoals_entry_centaurs,
          nicolae_spider_entry_orb_guardian, serial_bayou_shore_b,
          lemuel_fruit_tree, grunt_megastairs_1
Orc:1:    layout_diamond_mine
Orc:2:    grunt_orc_community_town_hall, layout_caves,
          grunt_orc_community_big_house_1, grunt_orc_community_big_house_2,
          grunt_orc_community_house_1, grunt_orc_community_house_1,
          grunt_orc_community_house_3, grunt_orc_community_house_2,
          grunt_orc_community_house_1, ebering_ghost_disaster_area,
          chequers_guarded_unrand_ignorance

Skill      XL: |  1  2  3  4  5  6  7  8  9 10 11 12 13 |
---------------+----------------------------------------+-----
Fire Magic     | 4 5 6 8 9 11 12 | 12.1
Conjurations   | 2 3 4 7 10 12 | 12.0
Spellcasting   | 3 5 6 9 10 | 10.2
Evocations     | 7 |  7.5
Fighting       | 8 |  8.0
Summonings     | 6 |  6.9
Earth Magic    | 1 |  1.9
Shields        | 5 |  5.2
Dodging        | |  1.7
Stealth        | |  1.7
Ice Magic      | |  0.9

Action                   |  1- 3 |  4- 6 |  7- 9 | 10-12 | 13-15 || total
-------------------------+-------+-------+-------+-------+-------++-------
Melee: Unarmed           |    79 |       |       |       |       ||    79
       Tailslap          |     7 |    17 |    42 |    49 |    21 ||   136
       Dagger            |    13 |   136 |   353 |   111 |       ||   613
       Long sword        |       |       |     7 |       |       ||     7
       Trident           |       |       |       |   346 |   166 ||   512
       Staff             |       |       |       |     1 |       ||     1
 Cast: Foxfire           |    57 |   127 |   112 |   102 |     5 ||   403
       Sticky Flame      |       |     2 |    19 |    88 |    37 ||   146
       Fireball          |       |       |     9 |    82 |    56 ||   147
       Conjure Flame     |       |       |     1 |       |       ||     1
       Frozen Ramparts   |       |       |       |     2 |       ||     2
       Ignite Poison     |       |       |       |    13 |     3 ||    16
       Iron Shot         |       |       |       |       |     4 ||     4
       Spellforged Servi |       |       |       |       |     3 ||     3
 Abil: Breathe Noxious F |       |       |    16 |    31 |     4 ||    51
Evoke: Wand              |       |       |     1 |     6 |     1 ||     8
       Staff of energy   |       |       |       |     1 |       ||     1
  Use: Scroll            |       |     4 |     7 |     8 |     4 ||    23
       Potion            |       |       |     5 |     2 |     1 ||     8
 Stab: Sleeping          |     1 |     6 |     3 |     3 |     2 ||    15
       Confused          |       |       |     4 |     1 |       ||     5
       Paralysed         |       |       |       |     4 |       ||     4
       Distracted        |       |       |       |       |     1 ||     1
  Eat: Chunk             |     3 |     6 |    21 |    48 |    17 ||    95
       Ration            |       |     2 |       |     2 |     3 ||     7
Armor: Skin              |    33 |    63 |   190 |   209 |    77 ||   572
Dodge: Dodged            |    73 |    98 |   235 |   341 |   117 ||   864
Block: Other             |       |       |       |   226 |    83 ||   309
       Reflection        |       |       |       |    14 |     4 ||    18
       Buckler           |       |       |       |       |    20 ||    20
       Rpst.: Long sword |       |       |     2 |       |       ||     2

Table legend:
 A = Non-vault XP
 B = Vault XP
 C = Vault XP percentage of total XP
 D = Non-vault monster count
 E = Vault monster count
 F = Vault count percentage of total count
                 A         B        C        D         E       F
            +---------+---------+-------+---------+---------+-------
      Total |   40177 |   19476 |  32.6 |     434 |     238 |  35.4
            +---------+---------+-------+---------+---------+-------
        D:1 |      64 |       0 |   0.0 |      35 |       0 |   0.0
        D:2 |     197 |       0 |   0.0 |      22 |       0 |   0.0
        D:3 |      61 |     227 |  78.8 |      19 |       5 |  20.8
        D:4 |     202 |      53 |  20.8 |      15 |      20 |  57.1
        D:5 |     732 |       0 |   0.0 |      21 |       0 |   0.0
        D:6 |     659 |     446 |  40.4 |      22 |       6 |  21.4
        D:7 |    1175 |     493 |  29.6 |      22 |       1 |   4.3
        D:8 |    1752 |    2753 |  61.1 |      33 |      24 |  42.1
        D:9 |    1018 |    1232 |  54.8 |      19 |      16 |  45.7
       D:10 |    1444 |     795 |  35.5 |      17 |       1 |   5.6
       D:11 |    9110 |       0 |   0.0 |      55 |       0 |   0.0
       D:12 |    5053 |     211 |   4.0 |      35 |      17 |  32.7
     Lair:1 |    5601 |    3161 |  36.1 |      24 |      10 |  29.4
     Lair:2 |     910 |     803 |  46.9 |       6 |       3 |  33.3
     Lair:3 |    5734 |    1094 |  16.0 |      22 |       6 |  21.4
      Orc:1 |    2870 |     265 |   8.5 |      26 |       3 |  10.3
      Orc:2 |    3595 |    5481 |  60.4 |      41 |      71 |  63.4
    Ossuary |       0 |     157 | 100.0 |       0 |      16 | 100.0
     Bailey |       0 |    2305 | 100.0 |       0 |      39 | 100.0
            +---------+---------+-------+---------+---------+-------
